 Dungeon Crawl Stone Soup version 0.28.0-49-g6dfe1f597d (webtiles) character file.

Game seed: 6981925936506757641

1607 Atelerd the Covert (level 8, -1/46 HPs)
             Began as an Octopode Earth Elementalist on May 15, 2022.
             Was a Follower of Sif Muna.
             Killed from afar by an orc wizard (6 damage)
             ... with a magic dart
             ... on level 6 of the Dungeon.
             The game lasted 00:07:26 (7521 turns).

Atelerd the Covert (Octopode Earth Elementalist)    Turns: 7521, Time: 00:07:26

Health: -1/46      AC:  1    Str:  7    XL:     8   Next: 95%
Magic:  0/15       EV: 14    Int: 26    God:    Sif Muna [*.....]
Gold:   190        SH:  0    Dex: 16    Spells: 11/16 levels left

rFire   . . .      SeeInvis .   g - +0 dagger
rCold   . . .      Faith    .   (no shield)
rNeg    . . .      Spirit   .   (helmet restricted)
rPois   .          Reflect  .   a - amulet of the acrobat
rElec   .          Harm     .   c - +6 ring of dexterity
rCorr   +          Rampage  .   w - ring of Xieqam {rCorr Int+7 Dex-3}
Will    .....                   (no ring)
Stlth   +++++.....              (no ring)
HPRegen 0.15/turn               (no ring)
MPRegen 0.14/turn               (no ring)
                                (no ring)
                                (no ring)

@: no status effects
A: almost no armour, amphibious, 8 rings, camouflage 1, gelatinous body 1,
(nimble swimmer 1), tentacles
a: Renounce Religion, Channel Magic


You were on level 6 of the Dungeon.
You worshipped Sif Muna.
Sif Muna was aware of your devotion.
You visited 2 branches of the dungeon, and saw 7 of its levels.

You collected 190 gold pieces.

Inventory:

Hand Weapons
 g - a +0 dagger (weapon)
 x - the +6 trident of Plunder {venom, rF+ rC+ Int+3 Stlth-}
   (You found it on level 5 of the Dungeon)

   It poisons the flesh of those it strikes.
   Int:       It affects your intelligence (+3).
   rF:        It protects you from fire.
   rC:        It protects you from cold.
   Stlth:     It makes you less stealthy.
Missiles
 b - 43 stones
Jewellery
 a - an amulet of the acrobat (around mantle)
 c - a +6 ring of dexterity (left tentacle)
 j - a ring of fire
 u - an amulet of reflection
 w - the ring of Xieqam (right tentacle) {rCorr Int+7 Dex-3}
   (You found it on level 4 of the Dungeon)

   [ring of resist corrosion]

   Int:       It affects your intelligence (+7).
   Dex:       It affects your dexterity (-3).
   rCorr:     It protects you from acid and corrosion.
Wands
 o - a wand of polymorph (11)
 q - a wand of flame (32)
Scrolls
 d - a scroll of blinking {unknown}
 e - 2 scrolls of identify {unknown}
 f - a scroll of magic mapping {unknown}
 h - a scroll of fear {unknown}
 s - a scroll of fog {unknown}
 t - 5 scrolls of teleportation
 v - a scroll of torment {unknown}
 y - a scroll of enchant weapon {unknown}
Potions
 i - 2 potions of degeneration {unknown}
 k - 2 potions of might {unknown}
 l - a potion of cancellation {unknown}
 m - a potion of lignification {unknown}
 n - a potion of brilliance {unknown}
 r - a potion of heal wounds {unknown}


   Skills:
 + Level 1.5 Short Blades
 + Level 2.6 Dodging
 * Level 9.9 Stealth
 + Level 4.7 Spellcasting
 + Level 4.7 Transmutations
 + Level 5.6 Earth Magic


You had 11 spell levels left.
You knew the following spells:

 Your Spells              Type           Power      Damage    Failure   Level
a - Sandblast             Erth           70%        2d15      1%          1
p - Petrify               Tmut/Erth      32%        N/A       10%         4

Your spell library contained the following spells:

 Spells                   Type           Power      Damage    Failure   Level
 Passwall                 Tmut/Erth      26%        N/A       1%          2
 Stone Arrow              Conj/Erth      40%        3d9       8%          3
 Call Canine Familiar     Summ           6%         N/A       24%         3
 Portal Projectile        Hex/Tloc       12%        N/A       24%         3
 Leda's Liquefaction      Hex/Erth       10%        N/A       26%         4
 Silence                  Hex/Air        3%         N/A       91%         5
 Eringya's Noxious Bog    Tmut/Pois      9%         N/A       99%         6


Dungeon Overview and Level Annotations

Branches:
Dungeon (6/15)             Temple (1/1) D:4

Altars:
Ashenzari
Cheibriados
Dithmenos
Elyvilon
Hepliaklqana
Kikubaaqudgha
Qazlal
Sif Muna
Trog
Uskayaw
Vehumet
Xom
The Shining One

Annotations:
D:3 3 runed translucent doors, kalagan's ghost, amateur GrFi
D:4 2 runed translucent doors
D:5 exclusions: downstairs and 1 more exclusion


Innate Abilities, Weirdness & Mutations

You cannot wear most types of armour.
You are amphibious.
You can wear up to eight rings at the same time.
Your skin changes colour to match your surroundings (Stealth+).
Your rubbery body absorbs attacks. (AC +1, EV +1)
((You are camouflaged when in or above water. (Stealth+)))
You have tentacles for arms and can constrict up to eight enemies at once.


Message History

Casting: Sandblast (safe; 1% risk of failure)
Confirm with . or Enter, or press ? or * to list all spells.
Aiming: Sandblast (safe; 1% risk of failure)
Press: ? - help, Shift-Dir - straight line, f - orc
Aim: an orc, wielding a +0 mace (82% to hit)
The blast of sand hits the orc!
You kill the orc!
Sif Muna accepts your kill.
Unknown command.
Casting: Sandblast (safe; 1% risk of failure)
Confirm with . or Enter, or press ? or * to list all spells.
Aiming: Sandblast (safe; 1% risk of failure)
Press: ? - help, Shift-Dir - straight line Something hits you!
* * * LOW HITPOINT WARNING * * *
Unknown command.
You feel better. Something hits you.
* * * LOW HITPOINT WARNING * * *
Casting: Sandblast (safe; 1% risk of failure)
Confirm with . or Enter, or press ? or * to list all spells.
Aiming: Sandblast (safe; 1% risk of failure)
Press: ? - help, Shift-Dir - straight line The blast of sand hits something!
Something hits you!
* * * LOW HITPOINT WARNING * * *
Unknown command.
You feel better. Something hits you.
* * * LOW HITPOINT WARNING * * *
Casting: Sandblast (safe; 1% risk of failure)
Confirm with . or Enter, or press ? or * to list all spells.
You don't have enough magic to cast this spell.
Something hits you.
* * * LOW HITPOINT WARNING * * *
Casting: Sandblast (safe; 1% risk of failure)
Confirm with . or Enter, or press ? or * to list all spells.
You don't have enough magic to cast this spell.
You barely miss something.
You hear some strange, mumbled words.
A magic dart appears from out of thin air!
The magic dart hits you.
You die...

......................
.................#........#.
............................
.....).)....#)))...........#
.......)....!.....#........###
................##.........(.
.........###....##.....##..###
.........# #.{)#..#..#.##.....
........## #.@........#.......
######### #........##.##.....
##.......##.##..#..
#####...........##
#...........## ##........##..
######..o##.. #..o....
#.......


There were no monsters in sight!

Vanquished Creatures
  Grinder (D:3)
  Edmund (D:4)
  Menkaure (D:6)
  An ice beast (D:4)
  2 centaurs
  A phantom (D:4)
  2 bullfrogs
  2 scorpions (D:4)
  A gnoll sergeant (D:4)
  A gnoll shaman (D:6)
  A jelly (D:4)
  Ijyb (D:3)
  A centaur skeleton (D:5)
  3 iguanas
  2 orc wizards (D:6)
  A hound skeleton (D:4)
  10 gnolls
  A howler monkey skeleton (D:4)
  6 adders
  A shadow imp (D:6)
  An ufetubus (D:5)
  An adder zombie (D:5)
  7 worms
  3 dart slugs
  18 orcs
  6 bats
  5 endoplasms
  3 giant cockroaches (D:3)
  5 goblins
  8 hobgoblins
  3 jackals (D:4)
  6 kobolds
  4 quokkas
  3 ball pythons
  A frilled lizard (D:1)
  A quokka skeleton (D:4)
  2 rats
117 creatures vanquished.

Vanquished Creatures (others)
  15 plants (D:2)
15 creatures vanquished.

Grand Total: 132 creatures vanquished

Notes
Turn   | Place    | Note
-------+----------+-------------------------------------------
     0 | D:1      | Atelerd the Octopode Earth Elementalist began the quest for
                  | the Orb.
     0 | D:1      | Reached XP level 1. HP: 11/11 MP: 3/3
   394 | D:1      | Found a faded altar of an unknown god.
   627 | D:1      | Reached skill level 3 in Stealth
   664 | D:1      | Reached XP level 2. HP: 17/17 MP: 3/5
  1306 | D:2      | Reached XP level 3. HP: 15/21 MP: 4/6
  1490 | D:2      | Reached skill level 4 in Stealth
  1636 | D:2      | Reached XP level 4. HP: 12/27 MP: 0/7
  2598 | D:3      | Found a broken altar of Ashenzari.
  2755 | D:3      | Found a runed translucent gate.
  2756 | D:3      | Found a runed translucent gate.
  2866 | D:3      | Reached XP level 5. HP: 25/31 MP: 3/8
  2978 | D:3      | Reached skill level 5 in Stealth
  3225 | D:3      | Found a runed translucent gate.
  3225 | D:3      | Noticed kalagan's ghost (amateur GrFi)
  3255 | D:3      | Found a hazy altar of Hepliaklqana.
  3356 | D:3      | Noticed Grinder
  3366 | D:3      | Learned a level 4 spell: Petrify
  3416 | D:3      | Killed Grinder
  3417 | D:3      | Reached skill level 6 in Stealth
  3417 | D:3      | Reached XP level 6. HP: 32/36 MP: 2/10
  3561 | D:3      | Noticed Ijyb
  3575 | D:3      | Killed Ijyb
  4431 | D:4      | Reached XP level 7. HP: 41/41 MP: 9/12
  4498 | D:4      | Found a staircase to the Ecumenical Temple.
  4549 | D:4      | Reached skill level 7 in Stealth
  4784 | Temple   | Entered the Ecumenical Temple
  4923 | Temple   | Became a worshipper of Sif Muna the Loreminder
  5174 | D:4      | Found a large runed translucent door.
  5174 | D:4      | Found a large runed translucent door.
  5378 | D:4      | Found a large runed translucent door.
  5378 | D:4      | Found a large runed translucent door.
  5695 | D:4      | Reached skill level 8 in Stealth
  5966 | D:4      | Noticed Edmund
  5976 | D:4      | Killed Edmund
  5977 | D:4      | Reached skill level 5 in Earth Magic
  5977 | D:4      | Reached XP level 8. HP: 46/46 MP: 9/14
  6248 | D:4      | Reached skill level 9 in Stealth
  6314 | D:4      | Got the Handbook of Feathers and Intoxication
  6315 | D:4      | Identified the ring of Xieqam {rCorr Int+7 Dex-3}
  6368 | D:5      | Entered Level 5 of the Dungeon
  6396 | D:5      | Found a glowing golden altar of the Shining One.
  6451 | D:5      | Identified the +6 trident of Plunder {venom, rF+ rC+ Int+3
                  | Stlth-}
  7321 | D:6      | Reached skill level 1 in Short Blades
  7395 | D:6      | Noticed Menkaure
  7408 | D:6      | Killed Menkaure
  7505 | D:6      | Reached * piety under Sif Muna
  7518 | D:6      | HP: 2/46 [something (9)]
  7521 | D:6      | Killed from afar by an orc wizard

Illustrated notes

Levels and vault maps discovered:
D:1:      heliophobic_arrival_henge, layout_basic,
          hellmonk_ecumenical_altar_slurped_away
D:2:      layout_basic, nicolae_grassy_gnolls
D:3:      minmay_diamond_boxcup, layout_rooms,
          mainiacjoe_overflow_six_doors_small,
          mainiacjoe_overflow_surrounded_room, ebering_ghost_rock_garden,
          minivault_25, uniq_grinder, uniq_ijyb
D:4:      layout_layer_cave, temple_green, minmay_hollow_rounded_squares,
          uniq_edmund
D:5:      layout_basic, tso_oasis_becter
D:6:      layout_rooms, dk_yredelemnul_ordeal, hangedman_decor_growths,
          chequers_arboretum, hangedman_glass_teeth, uniq_menkaure
Temple:   minmay_temple_curvy_loop

Skill      XL: |  1  2  3  4  5  6  7  8 |
---------------+-------------------------+-----
Stealth        | 3 4 6 8 9 |  9.9
Transmutations | 2 3 4 |  4.7
Spellcasting   | 3 4 |  4.7
Earth Magic    | 4 5 |  5.6
Short Blades   | 1 |  1.5
Dodging        | |  2.6

Action                   |  1- 3 |  4- 6 |  7- 9 || total
-------------------------+-------+-------+-------++-------
Melee: Unarmed           |     9 |       |       ||     9
       Constrict         |    10 |    15 |    11 ||    36
       Tentacles         |     8 |     8 |    10 ||    26
       Dagger            |    16 |    38 |    31 ||    85
       Punch             |     2 |     2 |       ||     4
 Cast: Sandblast         |    32 |    83 |    68 ||   183
       Petrify           |       |     2 |     6 ||     8
  Use: Scroll            |       |       |     3 ||     3
       Potion            |       |       |     3 ||     3
 Stab: Sleeping          |     1 |     2 |     2 ||     5
       Petrified         |       |     5 |    10 ||    15
Armor: Skin              |     3 |     3 |     3 ||     9
Dodge: Dodged            |    21 |    41 |    50 ||   112
